PCL
DISTRICT 9 PRAWNS @ VANCOUVER VIPERS
05/14/2023
 
TOP OF THE 1ST
District 9 Prawns batting - Pitching for Vancouver Vipers : RHP Jason Taylor
Pitching: RHP Jason Taylor
Batting: RHB Bill Beck 0-0: Ball
1-0: Swinging Strike
1-1: Ball
2-1: Swinging Strike
2-2: Foul Ball, location: 2F
2-2: Strikes out swinging
Batting: RHB Alonso Holguín 0-0: Ball
1-0: Foul Ball, location: 2F
1-1: Ground out 5-3 (Groundball, 5L)
Batting: LHB Leland Hardy 0-0: Swinging Strike
0-1: Ball
1-1: Ground out 4-3 (Groundball, 4)
Top of the 1st over - 0 run(s), 0 hit(s), 0 error(s), 0 left on base; District 9 0 - Vancouver 0
BOTTOM OF THE 1ST
Vancouver Vipers batting - Pitching for District 9 Prawns : LHP David Jackson
Pitching: LHP David Jackson
Batting: LHB Mike Williams 0-0: Ball
1-0: Foul Ball, location: 2F
1-1: Ground out 4-3 (Groundball, 4)
Batting: RHB Kel Pierce 0-0: Called Strike
0-1: Ball
1-1: Foul Ball, location: 2F
1-2: Ball
2-2: Strikes out swinging
Batting: RHB Dan Tyler 0-0: Foul Ball, location: 2F
0-1: Foul Ball, location: 2F
0-2: Ball
1-2: Ground out 6-3 (Groundball, 6M)
Bottom of the 1st over - 0 run(s), 0 hit(s), 0 error(s), 0 left on base; District 9 0 - Vancouver 0
TOP OF THE 2ND
District 9 Prawns batting - Pitching for Vancouver Vipers : RHP Jason Taylor
Batting: LHB Ryan Hensley 0-0: Ball
1-0: Swinging Strike
1-1: Foul Ball, location: 2F
1-2: Ball
2-2: Ball
3-2: Foul Ball, location: 2F
3-2: Foul Ball, location: 2F
3-2: Foul Ball, location: 2F
3-2: Foul Ball, location: 2F
3-2: Fly out, F8 (Flyball, 8LXD)
Batting: RHB Lúcio García 0-0: Called Strike
0-1: Swinging Strike
0-2: Hit by Pitch
Batting: RHB Alfredo Cortéz 0-0: Ball
Lúcio García is caught stealing 2nd base
1-0: Called Strike
1-1: Foul Ball, location: 2F
1-2: Foul Ball, location: 2F
1-2: Ball
2-2: Fly out, F8 (Flyball, 8LXD)
Top of the 2nd over - 0 run(s), 0 hit(s), 0 error(s), 0 left on base; District 9 0 - Vancouver 0
BOTTOM OF THE 2ND
Vancouver Vipers batting - Pitching for District 9 Prawns : LHP David Jackson
Batting: RHB Howard Lane 0-0: Ball
1-0: Foul Ball, location: 2F
1-1: Reached on Error, E4 (Line Drive, 4)
Batting: RHB Xavier Feliciano 0-0: Called Strike
0-1: Ball
1-1: Ball
2-1: Ball
3-1: Grounds into double play, 5-4-3 (Groundball, 56)
Batting: SHB Henry Copeland 0-0: Called Strike
0-1: Ball
1-1: Ball
2-1: Reached on error, E5 (Groundball, 5)
Batting: RHB Lorenzo González 0-0: Ball
1-0: Ground out 6-3 (Groundball, 6)
Bottom of the 2nd over - 0 run(s), 0 hit(s), 2 error(s), 1 left on base; District 9 0 - Vancouver 0
TOP OF THE 3RD
District 9 Prawns batting - Pitching for Vancouver Vipers : RHP Jason Taylor
Batting: RHB Mal Snyder 0-0: Ball
1-0: Ball
2-0: Called Strike
2-1: Foul Ball, location: 2F
2-2: Strikes out looking
Batting: RHB Marcos Moreno 0-0: Ball
1-0: Ball
2-0: Called Strike
2-1: Ball
3-1: Foul Ball, location: 2F
3-2: Foul Ball, location: 2F
3-2: Base on Balls
Batting: RHB Manuel Cortéz 0-0: Foul Ball, location: 2F
0-1: Called Strike
0-2: Foul Ball, location: 2F
0-2: Strikes out swinging
Marcos Moreno steals 2nd base
Batter strikes out.
Batting: RHB Bill Beck 0-0: Called Strike
0-1: Ball
1-1: Ball
2-1: Ball
3-1: Called Strike
3-2: Foul Ball, location: 2F
3-2: Ground out 6-3 (Groundball, 6)
Top of the 3rd over - 0 run(s), 0 hit(s), 0 error(s), 1 left on base; District 9 0 - Vancouver 0
BOTTOM OF THE 3RD
Vancouver Vipers batting - Pitching for District 9 Prawns : LHP David Jackson
Batting: RHB Pedro Fuentes 0-0: Ball
1-0: Ball
2-0: Called Strike
2-1: Fly out, F7 (Flyball, 7M)
Batting: SHB Richard Bowman 0-0: Fly out, F6 (Line Drive, 6)
Batting: LHB Mike Williams 0-0: SINGLE (Line Drive, 34D)
Batting: RHB Kel Pierce 0-0: Ball
1-0: Ball
Mike Williams is caught stealing 2nd base
Bottom of the 3rd over - 0 run(s), 1 hit(s), 0 error(s), 0 left on base; District 9 0 - Vancouver 0
TOP OF THE 4TH
District 9 Prawns batting - Pitching for Vancouver Vipers : RHP Jason Taylor
Batting: RHB Alonso Holguín 0-0: Ball
1-0: Foul Ball, location: 2F
1-1: Ball
2-1: Ball
3-1: Ground out 1-3 (Groundball, 13S)
Batting: LHB Leland Hardy 0-0: SINGLE (Groundball, 34D) (infield hit)
Batting: LHB Ryan Hensley 0-0: Foul Ball, location: 2F
0-1: Foul Ball, location: 2F
0-2: Ball
1-2: Strikes out swinging
Throwing error on steal attempt, E2
Leland Hardy to third
Batting: RHB Lúcio García 0-0: Called Strike
0-1: Swinging Strike
0-2: Strikes out swinging
Top of the 4th over - 0 run(s), 1 hit(s), 1 error(s), 1 left on base; District 9 0 - Vancouver 0
BOTTOM OF THE 4TH
Vancouver Vipers batting - Pitching for District 9 Prawns : LHP David Jackson
Batting: RHB Kel Pierce 0-0: DOUBLE (Groundball, 5L)
Batting: RHB Dan Tyler 0-0: Foul Ball, location: 2F
0-1: SINGLE (Groundball, 6MD)
Kel Pierce to third
Batting: RHB Howard Lane 0-0: Grounds into double play, 4-6-3 (Groundball, 4)
Kel Pierce scores
Batting: RHB Xavier Feliciano 0-0: Ball
1-0: Foul Ball, location: 2F
1-1: Ball
2-1: Ball
3-1: Ground out 5-3 (Groundball, 5)
Bottom of the 4th over - 1 run(s), 2 hit(s), 0 error(s), 0 left on base; District 9 0 - Vancouver 1
TOP OF THE 5TH
District 9 Prawns batting - Pitching for Vancouver Vipers : RHP Jason Taylor
Batting: RHB Alfredo Cortéz 0-0: Swinging Strike
0-1: Ball
1-1: Called Strike
1-2: Ball
2-2: Strikes out swinging
Batting: RHB Mal Snyder 0-0: Called Strike
0-1: Swinging Strike
0-2: Strikes out looking
Batting: RHB Marcos Moreno 0-0: Called Strike
0-1: Called Strike
0-2: Strikes out swinging
Top of the 5th over - 0 run(s), 0 hit(s), 0 error(s), 0 left on base; District 9 0 - Vancouver 1
BOTTOM OF THE 5TH
Vancouver Vipers batting - Pitching for District 9 Prawns : LHP David Jackson
Batting: SHB Henry Copeland 0-0: Ball
1-0: Swinging Strike
1-1: Swinging Strike
1-2: Ball
2-2: Ball
3-2: Ground out 1-3 (Groundball, 23)
Batting: RHB Lorenzo González 0-0: Ball
1-0: Ball
2-0: SOLO HOME RUN (Flyball, 78XD), Distance : 420 ft
Batting: RHB Pedro Fuentes 0-0: Ball
1-0: SINGLE (Groundball, 5D)
Batting: SHB Richard Bowman Pickoff Throw to First - Out!
0-0: Ground out 5-3 (Groundball, 5S)
Bottom of the 5th over - 1 run(s), 2 hit(s), 0 error(s), 0 left on base; District 9 0 - Vancouver 2
TOP OF THE 6TH
District 9 Prawns batting - Pitching for Vancouver Vipers : RHP Jason Taylor
Batting: RHB Manuel Cortéz 0-0: Swinging Strike
0-1: Ball
1-1: Foul Ball, location: 2F
1-2: Strikes out swinging
Batting: RHB Bill Beck 0-0: Swinging Strike
0-1: Called Strike
0-2: Ball
1-2: Ball
2-2: Foul Ball, location: 2F
2-2: Ball
3-2: Strikes out swinging
Batting: RHB Alonso Holguín 0-0: Called Strike
0-1: Ground out 6-3 (Groundball, 6)
Top of the 6th over - 0 run(s), 0 hit(s), 0 error(s), 0 left on base; District 9 0 - Vancouver 2
BOTTOM OF THE 6TH
Vancouver Vipers batting - Pitching for District 9 Prawns : LHP David Jackson
Batting: LHB Mike Williams 0-0: Called Strike
0-1: Ball
1-1: Foul Ball, location: 2F
1-2: Fly out, F7 (Flyball, 7S)
Batting: RHB Kel Pierce 0-0: Ball
1-0: Fly out, F8 (Flyball, 8LM)
Batting: RHB Dan Tyler 0-0: Ball
1-0: Swinging Strike
1-1: Foul Ball, location: 2F
1-2: Ball
2-2: Strikes out swinging
Bottom of the 6th over - 0 run(s), 0 hit(s), 0 error(s), 0 left on base; District 9 0 - Vancouver 2
TOP OF THE 7TH
District 9 Prawns batting - Pitching for Vancouver Vipers : RHP Jason Taylor
Batting: LHB Leland Hardy 0-0: Fly out, F7 (Line Drive, 7M)
Batting: LHB Ryan Hensley 0-0: Foul Ball, location: 2F
0-1: Ball
1-1: Called Strike
1-2: Ball
2-2: Foul Ball, location: 2F
2-2: Strikes out swinging
Batting: RHB Lúcio García 0-0: Called Strike
0-1: Swinging Strike
0-2: Ball
1-2: Fly out, F8 (Flyball, 89M)
Top of the 7th over - 0 run(s), 0 hit(s), 0 error(s), 0 left on base; District 9 0 - Vancouver 2
BOTTOM OF THE 7TH
Vancouver Vipers batting - Pitching for District 9 Prawns : LHP David Jackson
Batting: RHB Howard Lane 0-0: Swinging Strike
0-1: Ball
1-1: Ground out 5-3 (Groundball, 56S)
Batting: RHB Xavier Feliciano 0-0: Called Strike
0-1: Swinging Strike
0-2: Hit by Pitch
Batting: SHB Henry Copeland 0-0: Ball
1-0: Swinging Strike
1-1: Foul Ball, location: 2F
1-2: Strikes out swinging
Batting: RHB Lorenzo González 0-0: Called Strike
0-1: 2-RUN HOME RUN (Flyball, 78XD), Distance : 402 ft
Batting: RHB Pedro Fuentes 0-0: Foul Ball, location: 2F
0-1: Hit by Pitch
Batting: SHB Richard Bowman 0-0: Ball
Passed Ball!
Pedro Fuentes to second
1-0: DOUBLE (Line Drive, 9LS)
Pedro Fuentes scores
Batting: LHB Mike Williams 0-0: Called Strike
0-1: Ball
1-1: Ball
2-1: Ball
3-1: Foul Ball, location: 2F
3-2: Foul Ball, location: 2F
3-2: Strikes out swinging
Bottom of the 7th over - 3 run(s), 2 hit(s), 0 error(s), 1 left on base; District 9 0 - Vancouver 5
TOP OF THE 8TH
District 9 Prawns batting - Pitching for Vancouver Vipers : RHP Jason Taylor
Pitching: LHP Jeff Catron
Batting: RHB Alfredo Cortéz 0-0: Ball
1-0: Foul Ball, location: 2F
1-1: Called Strike
1-2: Strikes out swinging
Batting: RHB Mal Snyder 0-0: Called Strike
0-1: Foul Ball, location: 2F
0-2: Ball
1-2: Strikes out looking
Batting: RHB Marcos Moreno 0-0: Ball
1-0: Foul Ball, location: 2F
1-1: Ball
2-1: Foul Ball, location: 2F
2-2: Foul Ball, location: 2F
2-2: SINGLE (Groundball, 34D)
Batting: RHB Manuel Cortéz 0-0: Foul Ball, location: 2F
0-1: Ball
1-1: Foul Ball, location: 2F
1-2: Foul Ball, location: 2F
1-2: Foul Ball, location: 2F
1-2: Fly out, F9 (Flyball, 9S)
Top of the 8th over - 0 run(s), 1 hit(s), 0 error(s), 1 left on base; District 9 0 - Vancouver 5
BOTTOM OF THE 8TH
Vancouver Vipers batting - Pitching for District 9 Prawns : LHP David Jackson
Pitching: RHP Juan Cervantes
Batting: RHB Kel Pierce 0-0: Called Strike
0-1: Swinging Strike
0-2: Ball
1-2: Ball
2-2: Ground out 1-3 (Groundball, 15)
Batting: RHB Dan Tyler 0-0: Ball
1-0: Foul Ball, location: 2F
1-1: Hit by Pitch
Batting: RHB Howard Lane 0-0: Ball
1-0: Ball
2-0: Grounds into double play, 6-4-3 (Groundball, 6)
Bottom of the 8th over - 0 run(s), 0 hit(s), 0 error(s), 0 left on base; District 9 0 - Vancouver 5
TOP OF THE 9TH
District 9 Prawns batting - Pitching for Vancouver Vipers : LHP Jeff Catron
Batting: RHB Bill Beck 0-0: Called Strike
0-1: Ball
1-1: Ball
2-1: Foul Ball, location: 2F
2-2: Ball
3-2: Foul Ball, location: 2F
3-2: Base on Balls
Batting: RHB Alonso Holguín 0-0: Ball
1-0: Ball
2-0: Ball
3-0: Called Strike
3-1: Called Strike
3-2: Base on Balls
Bill Beck to second
Batting: LHB Leland Hardy 0-0: Swinging Strike
0-1: Foul Ball, location: 2F
0-2: Ball
1-2: Foul Ball, location: 2F
1-2: SINGLE (Popup, 34D)
Bill Beck to third
Alonso Holguín to second
Runner from 3rd tries for Home, SAFE, no throw or cutoff
Pitching: RHP Ulric Duval
Batting: LHB Ryan Hensley 0-0: Ball
1-0: Foul Ball, location: 2F
1-1: Fly out, F8 (Line Drive, 8LS)
Batting: RHB Lúcio García 0-0: Ball
1-0: Called Strike
1-1: Called Strike
1-2: Ball
2-2: Strikes out swinging
Batting: RHB Alfredo Cortéz 0-0: Foul Ball, location: 2F
0-1: Ball
1-1: Ground out 4-3 (Groundball, 4)
Top of the 9th over - 1 run(s), 1 hit(s), 0 error(s), 2 left on base; District 9 1 - Vancouver 5
This league is powered by Out of the Park Baseball, the baseball management simulation game for PC, Mac and Linux
Wednesday, December 2nd, 2015 - OOTP Baseball 16.8 Build 38